 Dungeon Crawl Stone Soup version 0.27.1-34-g3ba077fa99 (webtiles) character file.

Game seed: 17334483068264828086

14318 Orthodox the Carver (level 11, -3/95 HPs)
             Began as a Demonspawn Fighter on Jan 21, 2022.
             Was an Elder of Okawaru.
             Slain by a meliai (9 damage)
             ... on level 9 of the Dungeon.
             The game lasted 01:07:32 (19240 turns).

Orthodox the Carver (Demonspawn Fighter)           Turns: 19240, Time: 01:07:35

Health: -3/95      AC: 21    Str: 25 (27) XL:     11   Next: 87%
Magic:  16/16      EV: 14    Int:  7 (9)  God:    Okawaru [****..]
Gold:   778        SH: 13    Dex: 11 (12) Spells: 10/10 levels left

rFire    + . .     SeeInvis .   I - +0 falchion (flame)
rCold    . . .     Faith    .   f - +2 kite shield
rNeg     . . .     Spirit   .   E - +2 scale mail {rF+}
rPois    .         Reflect  .   (helmet restricted)
rElec    .         Harm     .   a - +1 cloak of Starlight {*Dazzle EV+4 Stlth--}
rCorr    .         Rampage  .   (no gloves)
Will     .....                  (no boots)
Stlth    ..........             (no amulet)
HPRegen  0.25/turn              d - +6 ring of strength
MPRegen  0.15/turn              (no ring)

@: lethally poisoned (-3 -> -8), heroic, sanguine armoured, attractive
A: antennae 1, powered by pain 2, sanguine armour 2, demonic magic 2
a: Renounce Religion, Heroism


You were on level 9 of the Dungeon.
You worshipped Okawaru.
Okawaru was greatly pleased with you.
You visited 3 branches of the dungeon, and saw 13 of its levels.
You visited the Abyss 1 time.
You also visited: Sewer.

You collected 778 gold pieces.

Inventory:

Hand Weapons
 l - the +4 scimitar "Ronaclick" {drain, +Rage rCorr Str-5 SInv}
   (You acquired it on level 11 of the Dungeon)

   A truly terrible weapon, it drains the life of any living foe it strikes.
   Str:       It affects your strength (-5).
   SInv:      It lets you see invisible.
   +Rage:     It lets you go berserk.
   rCorr:     It protects you from acid and corrosion.
 I - a +0 falchion of flaming (weapon)
Armour
 a - the +1 cloak of Starlight (worn) {*Dazzle EV+4 Stlth--}
   (You found it on level 7 of the Dungeon)

   It may blind those who miss an attack against the wearer in melee combat.
   EV:        It affects your evasion (+4).
   Stlth:     It makes you much less stealthy.
 f - a +2 kite shield (worn)
 m - +0 acid dragon scales
 C - a +2 leather armour of poison resistance
 D - a +0 plate armour
 E - a +2 scale mail of fire resistance (worn)
Jewellery
 d - a +6 ring of strength (left hand)
 g - a ring of wizardry
Wands
 i - a wand of charming (10)
 w - a wand of digging (7)
 y - a wand of polymorph (20)
 H - a wand of iceblast (9)
Scrolls
 c - 3 scrolls of enchant weapon
 e - 3 scrolls of magic mapping
 k - a scroll of immolation
 s - 4 scrolls of enchant armour
 u - 2 scrolls of fear
 A - 2 scrolls of amnesia
 G - 5 scrolls of noise
 J - a scroll of identify
Potions
 b - a potion of invisibility
 h - 2 potions of haste
 n - a potion of cancellation
 p - 3 potions of lignification
 t - a potion of experience {unknown}
 v - a potion of brilliance {unknown}
 x - 2 potions of magic {unknown}
 z - 2 potions of flight
 B - 2 potions of mutation {unknown}
 F - a potion of berserk rage {unknown}


   Skills:
 - Level 12.0(17.0) Fighting
 + Level 13.0(18.0) Long Blades
 - Level 2.6(7.6) Armour
 - Level 2.6(7.6) Shields
 - Level 7.0 Invocations


You had 10 spell levels left.
You didn't know any spells.
Your spell library contained the following spells:

 Spells                   Type           Power      Damage    Failure   Level
 Animate Skeleton         Necr           0%         N/A       95%         1
 Apportation              Tloc           0%         N/A       95%         1
 Corona                   Hex            0%         N/A       95%         1
 Freeze                   Ice            0%         1d3       95%         1
 Magic Dart               Conj           0%         1d3       95%         1
 Summon Small Mammal      Summ           0%         N/A       95%         1
 Call Imp                 Summ           0%         N/A       98%         2
 Ensorcelled Hibernation  Hex/Ice        0%         N/A       98%         2
 Passwall                 Tmut/Erth      0%         N/A       98%         2
 Static Discharge         Conj/Air       0%         N/A       98%         2
 Call Canine Familiar     Summ           0%         N/A       100%        3
 Frozen Ramparts          Ice            0%         1d2       100%        3
 Mephitic Cloud           Conj/Pois/Air  0%         N/A       100%        3
 Summon Guardian Golem    Hex/Summ       0%         N/A       100%        3
 Swiftness                Air            0%         N/A       100%        3
 Tukima's Dance           Hex            0%         N/A       100%        3
 Dispel Undead            Necr           0%         3d6       100%        4
 Hailstorm                Conj/Ice       0%         3d3       100%        4
 Sticky Flame             Conj/Fire      0%         2d3       100%        4
 Lightning Bolt           Conj/Air       0%         1d11      100%        5
 Invisibility             Hex            0%         N/A       100%        6
 Orb of Destruction       Conj           0%         N/A       100%        7
 Spellforged Servitor     Conj/Summ      0%         N/A       100%        7
 Maxwell's Capacitive Co  Air            0%         ∞         100%        8


Dungeon Overview and Level Annotations

Branches:
Dungeon (11/15)            Temple (1/1) D:5            Lair (1/6) D:11
  Sewer (visited)
    Orc: D:9-12

Altars:
Ashenzari
Cheibriados
Dithmenos
Elyvilon
Fedhas
Gozag
Hepliaklqana
Kikubaaqudgha
Makhleb
Nemelex Xobeh
Okawaru
Qazlal
Ru
Sif Muna
Trog
Uskayaw
Vehumet
Wu Jian
Xom
Yredelemnul
Zin
The Shining One

Shops:
D:7 (

Annotations:
D:9 2 transporters, exclusion: ice statue, Lutefisk's ghost, journeyman HOFE
Lair:1 Sonja


Innate Abilities, Weirdness & Mutations

You have a pair of small antennae on your head.
You sometimes gain power by taking damage.
When seriously injured, your bleeding wounds create thick armour. (AC +9)
Spells you cast may paralyse nearby enemies.


Message History

The meliai stings you but does no damage.
You block the meliai's attack. The meliai stings you.
You are poisoned.
The meliai poisons you!
You hit the meliai but do no damage.
The meliai is severely wounded.
You feel very sick.
The meliai calls down the wrath of its god upon you.
Something smites you!
* * * LOW HITPOINT WARNING * * *
You focus on the pain.
You feel your power returning.
It was a potion of invisibility.
You fade into invisibility!
* * * LOW HITPOINT WARNING * * *
You feel very sick. You block the meliai's attack.
The meliai closely misses you. You block the meliai's attack.
The meliai misses you.
You are very lightly contaminated with residual magic.
It was a potion of cancellation.
Your magical effects are unravelling.
You feel magically purged.
Your magical contamination has completely faded away.
You flicker back into view.
* * * LOW HITPOINT WARNING * * *
You feel very sick. You block the meliai's attack. x4
It was a potion of attraction.
You feel attractive to monsters.
* * * LOW HITPOINT WARNING * * *
You feel sick. The meliai hits you but does no damage.
The meliai stings you but does no damage.
You block the meliai's attack. x2
It was a potion of degeneration.
There was something very wrong with that liquid.
You feel weakened.
You feel dopey.
You feel clumsy.
* * * LOW HITPOINT WARNING * * *
You feel sick. You block the meliai's attack.
The meliai stings you but does no damage.
The meliai hits you with a +0 war axe!
You die...

#####################
######## #
......)[...[<...@y.[#
#......# #
#...###.#####..###..#
#..##..# # #...# #.#
#..# #..# #..##..# #
#...# #.# #..# #..#
#..##..# # #...# #.#
#..# #..# #..##..# #
#...# #.# #..# #..#
#..##..# # #...# #.#
#..# #..# #..##..# #
#o..# #.# #..# #..#
#..##..# # #..o# #.#
#..# #..# #..##..# #


You could see a meliai.

Vanquished Creatures
  Erolcha (D:9)
  3 two-headed ogres
  A tengu warrior (D:10)
  Pikel (D:9)
  2 cyclopes
  A gargoyle (D:11)
  2 kobold demonologists (D:10)
  A troll (D:10)
  A slime creature (D:11)
  2 wraiths
  Sigmund (D:2)
  2 basilisks
  12 yaks
  2 wyverns
  A steam dragon (D:8)
  A vampire mosquito (D:11)
  2 acid dragons
  9 water moccasins
  A black bear (D:6)
  Purgy (Sewer)
  4 orc warriors
  6 necrophages
  An ogre (D:5)
  3 centaurs
  A phantom (D:6)
  2 kobold brigands
  A lemure (D:9)
  A bullfrog (D:6)
  A wyvern zombie (D:6)
  2 scorpions
  2 wyvern skeletons
  A water moccasin zombie (D:6)
  3 killer bees (D:10)
  2 howler monkeys
  3 bullfrog zombies
  3 jellies
  4 centaur zombies
  5 hounds
  A gnoll shaman (D:3)
  12 orc priests
  Jessica (D:2)
  6 iguanas
  12 orc wizards
  A killer bee zombie (D:8)
  A hound zombie (D:3)
  Robin (D:2)
  3 howler monkey zombies
  17 gnolls
  7 adders
  2 shadow imps (D:6)
  A white imp (D:6)
  An ufetubus (D:4)
  An adder skeleton (D:4)
  4 worms
  6 dart slugs
  42 orcs
  9 ball pythons
  5 bats
  8 endoplasms
  3 giant cockroaches
  15 goblins
  8 hobgoblins
  6 jackals
  5 quokkas
  6 frilled lizards
  19 kobolds
  A quokka skeleton (D:4)
  3 rats
299 creatures vanquished.

Vanquished Creatures (others)
  Maurice (D:9)
  A killer bee zombie (D:9)
  2 fungi (D:11)
  12 plants (D:11)
  6 starspawn tentacles (Abyss:1)
22 creatures vanquished.

Grand Total: 321 creatures vanquished

Notes
Turn   | Place    | Note
-------+----------+-------------------------------------------
     0 | D:1      | Orthodox the Demonspawn Fighter began the quest for the
                  | Orb.
     0 | D:1      | Reached XP level 1. HP: 18/18 MP: 1/1
    41 | D:1      | Reached skill level 2 in Long Blades
   154 | D:1      | Gained mutation: Spells you cast may paralyse adjacent
                  | enemies. [demonic ancestry]
   154 | D:1      | Reached XP level 2. HP: 20/24 MP: 2/2
   679 | D:1      | Gained mutation: You sometimes gain a little power by
                  | taking damage. [demonic ancestry]
   679 | D:1      | Reached XP level 3. HP: 21/29 MP: 3/3
   843 | D:1      | Found a faded altar of an unknown god.
  1424 | D:2      | Reached skill level 3 in Long Blades
  1543 | D:2      | Reached XP level 4. HP: 31/37 MP: 4/4
  1693 | D:2      | Noticed Robin
  1699 | D:2      | Noticed Sigmund
  1922 | D:2      | Noticed Jessica
  1935 | D:2      | Killed Jessica
  2083 | D:2      | Killed Robin
  2187 | D:2      | Killed Sigmund
  2188 | D:2      | Reached skill level 5 in Fighting
  2188 | D:2      | Reached skill level 4 in Long Blades
  2188 | D:2      | Gained mutation: When seriously injured, your bleeding
                  | wounds create armour. (AC +9) [demonic ancestry]
  2188 | D:2      | Reached XP level 5. HP: 42/44 MP: 5/5
  2192 | D:2      | Gained mutation: You have a pair of small antennae on your
                  | head. [demonic ancestry]
  2192 | D:2      | Reached XP level 6. HP: 49/51 MP: 6/6
  3045 | D:3      | Found a glowing drain.
  3049 | Sewer    | Entered a sewer
  3137 | Sewer    | Noticed Purgy
  3156 | Sewer    | Killed Purgy
  3157 | Sewer    | Reached skill level 5 in Long Blades
  3351 | D:3      | Gained mutation: Spells you cast may paralyse nearby
                  | enemies. [demonic ancestry]
  3351 | D:3      | Reached XP level 7. HP: 58/58 MP: 7/7
  3421 | D:3      | Found a shimmering blue altar of Sif Muna.
  5092 | D:5      | Entered Level 5 of the Dungeon
  5280 | D:5      | Reached skill level 6 in Long Blades
  5284 | D:5      | Reached XP level 8. HP: 18/67 MP: 8/8
  5714 | D:5      | Reached skill level 7 in Long Blades
  6097 | D:5      | Found a staircase to the Ecumenical Temple.
  6720 | Temple   | Entered the Ecumenical Temple
  7425 | D:6      | Gained mutation: When seriously injured, your bleeding
                  | wounds create thick armour. (AC +9) [demonic ancestry]
  7425 | D:6      | Reached XP level 9. HP: 70/75 MP: 9/9
  7461 | D:6      | Reached skill level 8 in Long Blades
  8523 | D:6      | Found a snail-covered altar of Cheibriados.
  9042 | D:6      | Reached skill level 10 in Fighting
  9042 | D:6      | Reached skill level 9 in Long Blades
  9150 | D:6      | Found an opulent altar of Gozag.
  9151 | D:6      | Found a sacrificial altar of Ru.
  9152 | D:6      | Found an iron altar of Okawaru.
  9166 | D:6      | Became a worshipper of Warmaster Okawaru
  9177 | D:6      | Found a stormy altar of Qazlal.
  9432 | D:6      | Reached skill level 1 in Invocations
 10032 | D:7      | Found the +1 cloak of Starlight {*Dazzle EV+4 Stlth--}
 10042 | D:7      | You fall into a shaft and drop 2 floors!
 10703 | D:8      | Reached XP level 10. HP: 84/86 MP: 12/12
 10726 | D:8      | Reached * piety under Okawaru
 10943 | D:8      | Found an ancient bone altar of Kikubaaqudgha.
 11735 | D:7      | Reached skill level 5 in Invocations
 12622 | D:7      | Found Saxiarch's Antique Weapon Emporium.
 13081 | D:9      | Noticed Maurice
 13118 | D:9      | Noticed Erolcha
 13138 | D:9      | Cast into level 1 of the Abyss (Erolcha)
 13185 | Abyss:1  | Noticed a rakshasa
 13187 | Abyss:1  | Noticed a thrashing horror
 13196 | Abyss:1  | Noticed a tentacled starspawn
 13218 | D:9      | Escaped the Abyss
 13221 | D:9      | Killed Erolcha
 13221 | D:9      | Reached ** piety under Okawaru
 13222 | D:9      | Reached skill level 10 in Long Blades
 13690 | D:9      | Found a transporter.
 13706 | D:9      | Noticed a two-headed ogre
 13710 | D:9      | Noticed an ice statue
 13710 | D:9      | Noticed Lutefisk's ghost (journeyman HOFE)
 13714 | D:9      | Found a transporter.
 13716 | D:9      | Noticed a tengu warrior
 13717 | D:9      | Noticed a manticore
 13746 | D:9      | Killed Maurice
 14203 | D:9      | Found a blossoming altar of Fedhas.
 14240 | D:9      | Noticed Pikel
 14280 | D:9      | Killed Pikel
 14905 | D:10     | Entered Level 10 of the Dungeon
 15142 | D:10     | Found a broken altar of Ashenzari.
 15526 | D:10     | Reached *** piety under Okawaru
 15602 | D:9      | Gained mutation: You sometimes gain power by taking damage.
                  | [demonic ancestry]
 15602 | D:9      | Reached XP level 11. HP: 64/94 MP: 14/16
 16147 | D:10     | Noticed a two-headed ogre
 16163 | D:10     | Killed a two-headed ogre
 16267 | D:10     | Found a shadowy altar of Dithmenos.
 16512 | D:11     | Found a staircase to the Lair.
 16546 | D:11     | Noticed a two-headed ogre
 16588 | D:10     | Reached skill level 11 in Long Blades
 16672 | D:11     | Noticed a two-headed ogre
 16750 | D:11     | Noticed a sixfirhy
 16766 | D:10     | Reached **** piety under Okawaru
 17168 | D:10     | Killed a two-headed ogre
 17197 | D:10     | Reached skill level 12 in Long Blades
 17465 | D:11     | Noticed a two-headed ogre
 17501 | D:11     | Identified the +4 flail "Gepp" {venom, rElec rF++}
 17501 | D:11     | Noticed a skeletal warrior
 17528 | D:11     | Killed a two-headed ogre
 17528 | D:11     | Reached ***** piety under Okawaru
 18253 | Lair:1   | Entered Level 1 of the Lair of Beasts
 18253 | Lair:1   | Noticed Sonja
 18530 | D:11     | Noticed a tengu warrior
 18532 | D:11     | Identified a scroll of acquirement
 18532 | D:11     | Acquired the +4 scimitar "Ronaclick" {drain, +Rage rCorr
                  | Str-5 SInv}
 18536 | D:11     | Identified the +3 scimitar of Tazilurch {vamp, Int+3}
 18547 | D:11     | Noticed a death knight
 18574 | D:10     | Killed a tengu warrior
 19187 | D:11     | Reached skill level 13 in Long Blades
 19240 | D:9      | Slain by a meliai

Illustrated notes

Levels and vault maps discovered:
D:1:      lemuel_arrival_cross, layout_basic,
          hellmonk_ecumenical_altar_lost_god, minmay_vboxes
D:2:      cheibrodos_helix_gallery, layout_basic, minmay_tree_intersection,
          uniq_sigmund, uniq_robin, uniq_jessica
D:3:      layout_rooms, mainiacjoe_overflow_alcove_1, gup_sewer_entry_bowl
D:4:      kennysheep_spiral_hall, layout_basic
D:5:      layout_cave_pools, minmay_temple_entry_waves
D:6:      minmay_bubble_buster, layout_basic, marbit_many_paths,
          chequers_temple_overflow_statue_of_worship,
          mainiacjoe_overflow_boulevard, nicolae_qazlal_general_emergency,
          minmay_between
D:7:      layout_basic, zin_treasury, serial_shops, shop
D:8:      layout_basic, lemuel_round_altar
D:9:      layout_long_grid, mainiacjoe_overflow_catwalk, nzn_ghost_randoct,
          uniq_erolcha, uniq_maurice, uniq_pikel
D:10:     layout_roguey, evilmike_ruin_ashenzari, kennysheep_little_box
D:11:     minmay_the_grid_octo_tiled_octocenter_mashed
          [minmay_the_grid_octo_concentric, minmay_the_grid_octo_focus,
          minmay_the_grid_octo_toaster, minmay_the_grid_octo_teeth,
          minmay_the_grid_octo_prize_ultimate_mussel_roller,
          minmay_the_grid_square_5x5_meh, minmay_the_grid_square_5x5_mess,
          minmay_the_grid_square_5x5_doubleslash,
          minmay_the_grid_square_5x5_almost_minimal], layout_rooms,
          minmay_lair_entry_grove
Temple:   eino_wide_crystal_templ
Lair:1:   layout_regular_city, gammafunk_ghost_arena, serial_bayou_shore_b,
          uniq_sonja

Skill      XL: |  1  2  3  4  5  6  7  8  9 10 11 |
---------------+----------------------------------+-----
Long Blades    | 2 3 4 5 6 7 9 10 13 | 13.0
Fighting       | 4 5 6 7 8 10 11 12 | 12.0
Invocations    | 3 7 |  7.0
Armour         | |  2.6
Shields        | |  2.6

Action                   |  1- 3 |  4- 6 |  7- 9 | 10-12 || total
-------------------------+-------+-------+-------+-------++-------
Melee: Long sword        |   150 |   167 |   476 |    23 ||   816
       Falchion          |       |       |       |   577 ||   577
Throw: Throwing net      |       |       |     1 |       ||     1
Invok: Heroism           |       |       |       |    21 ||    21
Evoke: Wand              |       |       |       |     2 ||     2
  Use: Potion            |       |     2 |     7 |    10 ||    19
       Scroll            |       |       |     7 |    10 ||    17
 Stab: Held in net/web   |       |       |     1 |       ||     1
       Invisible         |       |       |       |    25 ||    25
Armor: Scale mail        |    68 |    69 |   127 |   162 ||   426
       Skin              |       |       |    38 |       ||    38
       Plate armour      |       |       |    34 |       ||    34
       Acid dragon scale |       |       |       |     9 ||     9
Dodge: Dodged            |    41 |    46 |    93 |   254 ||   434
Block: Kite shield       |    98 |   100 |   284 |   349 ||   831
       Rpst.: Long sword |    11 |    18 |    28 |       ||    57
       Falchion          |       |       |       |    56 ||    56
